AoeStats
← only_mousee

Lombardia

510164988Analyzed
4v4 RM · 17h ago on Sep 29, 2026· 66m 6s· 8 players
Game mode
Random Map
Map size
Large (8 player)
Population
200
Speed
Normal
Resources
Standard
Victory
Conquest
Starting age
Dark Age
Ending age
Imperial Age
RankedLock teamsTeams togetherTeam positionsShared explorationLock speedFull tech treeHidden civsTurbo modeCheats
Victory
Defeat
🇪🇸 Shu · Spain
1299
+15
🇩🇪 Magyars · Germany
1245
+18
🇺🇦 Mongols · Ukraine
1214
+19
🇸🇪 Khitans · Sweden
1205
+19
🇨🇭 Magyars · Switzerland
1552
-28
🇺🇸 Lithuanians · United States
1322
-20
🇺🇸 Tatars · United States
1221
-15
🇺🇸 Franks · United States
1028
-8
venOm
10:17 Feudal Age
14:08 Castle Age
12:46 Double-Bit Axe
16:12 Horse Collar
23:26 Bow Saw
24:58 Fletching
26:03 Bodkin Arrow
26:34 Thumb Ring
27:15 Padded Archer Armor
28:23 Wheelbarrow
27:57 Loom
29:43 Husbandry
30:11 Bloodlines
30:38 Gold Mining
32:01 Ballistics
32:31 Stone Mining
35:40 Imperial Age
35:51 Leather Archer Armor
36:22 Bracer
37:31 Chemistry
37:02 Parthian Tactics
36:16 Heavy Cavalry Archer
39:15 Recurve Bow
39:35 Conscription
40:20 Ring Archer Armor
45:37 Light Cavalry
46:23 Scale Barding Armor
48:01 Chain Barding Armor
47:31 Hussar
55:46 Corvinian Army
63:29 Elite Magyar Huszar
CARANZA
3:45 Loom
10:33 Feudal Age
11:00 Double-Bit Axe
13:47 Fletching
13:57 Padded Archer Armor
18:31 Horse Collar
20:48 Forging
24:57 Castle Age
25:02 Gold Mining
25:03 Stone Mining
25:28 Crossbowman
26:14 Thumb Ring
26:06 Bodkin Arrow
26:26 Leather Archer Armor
25:35 Pikeman
27:47 Wheelbarrow
31:42 Hand Cart
31:41 Bow Saw
31:35 Heavy Plow
34:21 Gold Shaft Mining
39:32 Imperial Age
38:05 Scale Mail Armor
39:17 Caravan
40:18 Halberdier
40:58 Squires
40:44 Gambesons
40:21 Arbalester
41:03 Bracer
41:33 Ring Archer Armor
41:25 Coiled Serpent Array
43:11 Two-Man Saw
43:32 Chain Mail Armor
43:52 Conscription
47:55 Plate Mail Armor
47:30 Scale Barding Armor
47:20 Arson
49:02 Bolt Magazine
49:29 Ballistics
50:09 Chemistry
48:50 Treadmill Crane
49:16 Siege Engineers
53:18 Fortified Wall
53:11 Elite White Feather Guard
61:42 Chain Barding Armor
63:12 Man-at-Arms
64:54 Long Swordsman
65:43 Two-Handed Swordsman
only_mousee
7:22 Loom
9:08 Feudal Age
13:49 Castle Age
14:16 Bloodlines
33:02 Wheelbarrow
33:35 Double-Bit Axe
35:29 Bow Saw
34:47 Pikeman
36:41 Horse Collar
41:20 Heavy Plow
41:56 Gold Mining
42:04 Stone Mining
43:06 Hand Cart
42:36 Town Watch
46:19 Imperial Age
43:56 Fletching
44:07 Padded Archer Armor
44:13 Scale Barding Armor
44:10 Husbandry
44:53 Stone Shaft Mining
44:54 Gold Shaft Mining
44:46 Nomads
44:53 Bodkin Arrow
47:06 Leather Archer Armor
47:13 Chain Barding Armor
47:35 Conscription
47:28 Bracer
48:35 Chemistry
48:10 Town Patrol
48:34 Ballistics
48:25 Fortified Wall
49:03 Hoardings
48:46 Elite Mangudai
52:53 Murder Holes
62:40 Parthian Tactics
62:22 Thumb Ring
64:01 Elite Skirmisher
The Outpost Man
4:26 Loom
12:04 Feudal Age
12:32 Double-Bit Axe
12:59 Domestication
18:00 Castle Age
20:08 Wheelbarrow
21:55 Gold Mining
27:33 Bow Saw
27:32 Pastoralism
28:05 Fletching
28:15 Padded Archer Armor
30:13 Husbandry
30:10 Bodkin Arrow
31:27 Heavy Cavalry Archer
33:54 Hand Cart
34:42 Thumb Ring
34:54 Leather Archer Armor
35:08 Ballistics
36:02 Caravan
41:17 Imperial Age
42:40 Ordo Cavalry
42:56 Conscription
42:37 Light Cavalry
43:20 Bracer
43:50 Ring Archer Armor
43:32 Forging
43:28 Scale Barding Armor
44:27 Chemistry
43:15 Heavy Camel Rider
43:22 Hussar
45:56 Transhumance
46:59 Iron Casting
47:12 Elite Skirmisher
47:59 Lamellar Armor
48:42 Chain Barding Armor
50:04 Town Watch
51:11 Plate Barding Armor
55:24 Town Patrol
Smiley
0:44 Loom
6:05 Loom
9:00 Feudal Age
9:50 Double-Bit Axe
9:51 Horse Collar
17:55 Scale Barding Armor
19:20 Gold Mining
19:54 Bloodlines
24:17 Castle Age
25:06 Fletching
26:48 Husbandry
27:38 Chain Barding Armor
28:21 Wheelbarrow
27:32 Town Watch
39:31 Bodkin Arrow
42:41 Imperial Age
43:38 Heavy Scorpion
45:38 Plate Barding Armor
45:50 Ballistics
46:30 Chemistry
46:43 Padded Archer Armor
46:51 Elite Skirmisher
48:14 Thumb Ring
48:14 Bracer
49:38 Parthian Tactics
50:09 Leather Archer Armor
55:20 Chemistry
56:45 Heavy Cavalry Archer
57:53 Heavy Cavalry Archer
59:38 Recurve Bow
ClevsTheDevs
7:57 Loom
9:59 Feudal Age
13:25 Double-Bit Axe
22:29 Castle Age
31:06 Bow Saw
30:56 Stone Mining
30:57 Gold Mining
33:53 Scale Barding Armor
35:09 Husbandry
35:25 Forging
35:38 Chain Barding Armor
37:56 Iron Casting
38:09 Wheelbarrow
42:50 Imperial Age
40:37 Hand Cart
43:57 Cavalier
45:38 Plate Barding Armor
46:04 Blast Furnace
44:53 Town Watch
46:03 Paladin
47:50 Gold Shaft Mining
48:56 Caravan
49:32 Conscription
51:53 Light Cavalry
53:18 Masonry
54:08 Fletching
sesquipedalia
8:55 Feudal Age
11:29 Double-Bit Axe
13:15 Loom
16:35 Horse Collar
20:49 Castle Age
20:29 Gold Mining
22:37 Heavy Plow
23:03 Stone Mining
23:27 Bloodlines
23:33 Bow Saw
27:18 Wheelbarrow
26:54 Town Watch
29:16 Forging
30:16 Stone Shaft Mining
30:37 Scale Barding Armor
36:16 Imperial Age
35:41 Chain Barding Armor
35:39 Husbandry
38:32 Hand Cart
38:57 Plate Barding Armor
37:45 Cavalier
40:03 Iron Casting
41:54 Crop Rotation
42:25 Two-Man Saw
41:29 Fletching
41:19 Capped Ram
43:05 Conscription
45:31 Bodkin Arrow
44:58 Paladin
47:27 Light Cavalry
48:32 Winged Hussar
50:46 Caravan
50:58 Elite Skirmisher
51:43 Thumb Ring
58:27 Ballistics
59:08 Chemistry
58:30 Ballistics
57:50 Treadmill Crane
58:21 Masonry
59:03 Murder Holes
60:05 Tower Shields
60:47 Hoardings
64:04 Bracer
Kazule
9:37 Feudal Age
7:53 Loom
11:24 Double-Bit Axe
11:21 Horse Collar
21:34 Castle Age
33:36 Fletching
35:49 Wheelbarrow
36:54 Bodkin Arrow
37:00 Padded Archer Armor
38:03 Hand Cart
37:34 Town Watch
43:34 Imperial Age
41:57 Leather Archer Armor
43:38 Heavy Cavalry Archer
44:20 Gold Mining
44:23 Stone Mining
44:40 Bracer
45:11 Ring Archer Armor
46:00 Bow Saw
45:56 Heavy Plow
48:20 Ballistics
49:01 Chemistry
50:07 Silk Armor
53:39 Caravan
53:58 Husbandry
54:09 Bloodlines
57:37 Light Cavalry
62:11 Conscription
62:17 Conscription
Connection lost

Rejoining the realm…

Still unreachable

The connection could not be restored.

Session expired

The server has moved on; the page needs a fresh start.